 Dungeon Crawl Stone Soup version 0.24.0-1-gfbc8707122 (webtiles) character file.

Game seed: 5431760750401216477, levelgen mode: deterministic

114 Elvalys the Covert (level 4, -1/23 HPs)
             Began as a Spriggan Assassin on Oct 28, 2019.
             Splashed by a jelly's acid (4 damage)
             ... on level 3 of the Dungeon.
             The game lasted 00:10:07 (2668 turns).

Elvalys the Covert (Spriggan Assassin)              Turns: 2668, Time: 00:10:08

Health: -1/23      AC: -1    Str:  6 (7)  XL:     4   Next: 67%
Magic:  6/6        EV: 17    Int:  9 (12) God:
Gold:   188        SH:  0    Dex: 15 (18) Spells: 5/5 levels left

rFire    . . .     SeeInvis +   a - +2 dagger
rCold    . . .     Gourm    .   (shield restricted)
rNeg     . . .     Faith    .   b - +0 robe
rPois    .         Spirit   .   (helmet restricted)
rElec    .         Reflect  .   c - +0 cloak
rCorr    .         Harm     .   (gloves unavailable)
MR       .....                  (boots unavailable)
Stlth    +++.......             (no amulet)
HPRegen  0.07/turn              t - ring of attention (curse)
MPRegen  0.10/turn              (no ring)

@: corroded, very quick
A: very small, unfitting armour, see invisible, herbivore, speed 3, slow
metabolism 2
a: no special abilities


You were on level 3 of the Dungeon.
You were not hungry.

You visited 1 branch of the dungeon, and saw 3 of its levels.

You collected 188 gold pieces.

Inventory:

Hand Weapons
 a - a +2 dagger (weapon)
 h - a +0 hunting sling
 l - a +1 whip of pain
 o - a cursed -2 mace
 p - a +0 arbalest
Missiles
 d - 8 poisoned darts (quivered)
 e - 2 curare-tipped darts
 g - 130 stones
 j - 14 arrows
 n - 30 sling bullets
Armour
 b - a +0 robe (worn)
 c - a +0 cloak (worn)
Jewellery
 t - a cursed ring of attention (left hand)
Wands
 u - a wand of digging (5)
Scrolls
 k - 2 scrolls of magic mapping {unknown}
 m - 2 scrolls of identify {unknown}
Comestibles
 f - 4 rations


   Skills:
 - Level 1.8 Fighting
 - Level 2.7 Short Blades
 - Level 2.1 Throwing
 + Level 2.3 Dodging
 * Level 8.2 Stealth
 * Level 1.1 Spellcasting


You had 5 spell levels left.
You didn't know any spells.
Your spell library was empty.

Dungeon Overview and Level Annotations

Branches:
Dungeon (3/15)

Altars:
Hepliaklqana
Nemelex Xobeh
Xom
Zin


Innate Abilities, Weirdness & Mutations

You are very small and have problems with some larger weapons.
You are too small for most types of armour.
You have supernaturally acute eyesight. (SInv)
You are a herbivore.
You cover ground extremely quickly.
You need to consume almost no food.


Message History

You kill the frilled lizard!
The orc throws a boomerang.
The boomerang misses you.
The weapon returns to the orc!
The jelly hits you but does no damage.
You hit the jelly. The acid corrodes you!
Your hands burn!
The jelly is lightly wounded.
The orc throws a boomerang.
The boomerang closely misses you.
The weapon returns to the orc!
The jelly misses you.
The orc throws a boomerang.
The boomerang hits you.
The weapon returns to the orc!
You hit the jelly but do no damage.
Your hands burn!
The jelly is lightly wounded.
A rat comes into view.
The jelly barely misses you.
You hit the jelly but do no damage.
Your hands burn!
The jelly is lightly wounded.
The jelly hits you.
You are splashed with acid!
* * * LOW HITPOINT WARNING * * *
You hit the jelly but do no damage.
Your hands burn!
You die...

...K....)..####..#..........#
..##....................######
.......g...#.......r#####
##....(..###......≈≈≈≈
####.#### #......##### #....#
#..........# #.#..#
#......>...#. .#
#.J.#######............
.###..####......@J..o...#
.##...# #..###....).....# .
#..####.#.............# #
#..#........#..######## #
#.........###.## ###.........#
#.# ............# #.#
###.........# #.#####
###.........# #.#..>#


You could see a jelly, an orc and a rat.

Vanquished Creatures
  5 adders
  3 worms (D:2)
  A dart slug (D:1)
  A leopard gecko (D:1)
  2 orcs (D:3)
  A ball python (D:2)
  3 giant cockroaches
  2 goblins (D:1)
  8 hobgoblins
  2 jackals (D:2)
  9 kobolds
  10 bats
  3 frilled lizards
  6 rats
56 creatures vanquished.

Notes
Turn   | Place    | Note
-------+----------+-------------------------------------------
     0 | D:1      | Elvalys the Spriggan Assassin began the quest for the Orb.
     0 | D:1      | Reached XP level 1. HP: 10/10 MP: 2/2
    91 | D:1      | Reached skill level 6 in Stealth
   164 | D:1      | Reached XP level 2. HP: 7/15 MP: 3/3
   795 | D:1      | Reached XP level 3. HP: 18/18 MP: 4/4
  1109 | D:2      | Reached skill level 7 in Stealth
  1570 | D:2      | Reached XP level 4. HP: 20/23 MP: 5/5
  1869 | D:2      | Found a hazy altar of Hepliaklqana.
  1870 | D:2      | Found a shimmering altar of Xom.
  1870 | D:2      | Noticed an unseen horror
  1871 | D:2      | Noticed an unseen horror
  1871 | D:2      | Noticed a spectral ugly thing
  2142 | D:3      | Found a sparkling altar of Nemelex Xobeh.
  2202 | D:3      | HP: 1/23 [orc/+0 mace (9)]
  2559 | D:3      | Reached skill level 8 in Stealth
  2572 | D:3      | Reached skill level 1 in Spellcasting
  2588 | D:3      | Found a glowing silver altar of Zin.
  2668 | D:3      | Splashed by a jelly's acid

Levels and vault maps discovered:
D:1:      lemuel_arrival_hallway, layout_basic, minmay_3d_cube
D:2:      layout_loops_ring, regret_index_temple_of_mockery
D:3:      layout_rooms, nemelex_xobeh_ov_fountains_minmay, zin_academy,
          portal_sewer_entry_d, first_ration

Skill      XL: |  1  2  3  4 |
---------------+-------------+-----
Stealth        | 6 7 8 |  8.2
Dodging        | 2 |  2.3
Spellcasting   | 1 |  1.1
Fighting       | |  1.8
Short Blades   | |  2.7
Throwing       | |  2.1

Action                   |  1- 3 |  4- 6 || total
-------------------------+-------+-------++-------
Melee: Dagger            |   148 |    49 ||   197
  Use: Scroll            |       |     3 ||     3
       Potion            |       |     1 ||     1
 Stab: Sleeping          |    15 |     7 ||    22
Armor: Robe              |    10 |    12 ||    22
Dodge: Dodged            |    90 |    89 ||   179
